AoeStats
← Kim Suce?

Black Forest

508025359Analyzed
3v3 RM · 11d ago on Sep 20, 2026· 29m 50s· 6 players
Game mode
Random Map
Map size
Normal (6 player)
Population
200
Speed
Normal
Resources
Standard
Victory
Conquest
Starting age
Dark Age
Ending age
Imperial Age
RankedLock teamsTeams togetherTeam positionsShared explorationLock speedFull tech treeHidden civsTurbo modeCheats
Victory
Defeat
🇦🇷 Persians · Argentina
932
+15
🇨🇱 Slavs · Chile
884
+17
🇨🇱 Franks · Chile
865
+18
🇲🇽 Huns · Mexico
937
-18
🇨🇾 Goths · Cyprus
903
-16
🇹🇼 Spanish · Taiwan
888
-16
L Y N C H E S
11:54 Feudal Age
13:25 Horse Collar
13:32 Double-Bit Axe
20:25 Gold Mining
23:16 Castle Age
27:27 Wheelbarrow
27:14 Stone Mining
Kim Suce?
2:38 Loom
12:36 Feudal Age
18:20 Wheelbarrow
17:39 Double-Bit Axe
17:48 Gold Mining
20:46 Castle Age
22:00 Horse Collar
29:06 Imperial Age
Tr3vorTW
5:48 Loom
13:21 Feudal Age
17:06 Castle Age
15:56 Double-Bit Axe
17:09 Gold Mining
17:14 Fishing Lines
19:11 Bow Saw
20:01 Fishing Lines
23:48 Horse Collar
26:02 Gillnets
27:15 Stone Mining
31:01 Imperial Age
29:39 Wheelbarrow
chechou
0:43 Loom
18:48 Feudal Age
20:00 Double-Bit Axe
23:31 Castle Age
24:47 Bow Saw
Rey Haiti
0:29 Loom
13:05 Feudal Age
18:12 Castle Age
18:14 Double-Bit Axe
18:22 Gold Mining
20:06 Bow Saw
22:38 Fishing Lines
28:22 Gillnets
29:23 Scale Barding Armor
29:28 Forging
30:57 Wheelbarrow
ZZ4KI
8:52 Loom
12:24 Feudal Age
12:52 Double-Bit Axe
13:49 Wheelbarrow
16:00 Fishing Lines
16:09 Fishing Lines
20:33 Castle Age
20:23 Horse Collar
21:09 Bow Saw
21:23 Gold Mining
24:05 Stone Mining
24:35 Heavy Plow
26:12 Hand Cart
26:27 Gold Mining
27:06 Town Watch
29:03 Crossbowman
30:47 Gold Shaft Mining
Connection lost

Rejoining the realm…

Still unreachable

The connection could not be restored.

Session expired

The server has moved on; the page needs a fresh start.